TOP OF THE 1ST |
Ypsi Yard Cats batting - Pitching for Wicker Park Devil Cats : LHP Tynan Little
|
Pitching: LHP Tynan Little
|
|
Batting: SHB Malaki Lahahana
|
0-0: Foul Ball, location: 9LDF 0-1: Called Strike 0-2: Fly out, F9 (Line Drive, 3D, EV 69.4 MPH)
|
Batting: RHB Kwang-chih Fan
|
0-0: Ball 1-0: Called Strike 1-1: Swinging Strike 1-2: Ball 2-2: Ball 3-2: Foul Ball, location: 9LMF 3-2: Base on Balls
|
Batting: RHB Austin Weston
|
0-0: Called Strike 0-1: Ball 1-1: Fly out, F7 (Flyball, 7, EV 95.0 MPH)
|
Batting: RHB Joel Milman
|
0-0: Reached on error, E5 (Groundball, 56, EV 83.8 MPH) Kwang-chih Fan to second
|
Batting: LHB Teika Kiyomizu
|
0-0: 3-RUN HOME RUN (Flyball, 9LD, EV 93.8 MPH), Distance : 336 ft
|
Batting: RHB Tom Brookens
|
0-0: Called Strike 0-1: Ball 1-1: Ball 2-1: Foul Ball, location: 9LSF 2-2: Fly out, F8 (Flyball, 8LXD, EV 100.0 MPH)
|
Top of the 1st over - 3 runs, 1 hit, 1 error, 0 left on base; Ypsi 3 - Wicker Park 0 |
BOTTOM OF THE 1ST |
Wicker Park Devil Cats batting - Pitching for Ypsi Yard Cats : RHP Egbert Simpson
|
Pitching: RHP Egbert Simpson
|
|
Batting: LHB Rickey Delgado
|
0-0: Ball 1-0: Called Strike 1-1: Foul Ball, location: 2F 1-2: Ball 2-2: Strikes out swinging
|
Batting: RHB Ramón Rocha
|
0-0: Ball 1-0: Ball 2-0: Ball 3-0: Base on Balls
|
Batting: LHB Chipper Jones
|
0-0: Swinging Strike 0-1: Ball 1-1: Foul Ball, location: 7LDF 1-2: Ball 2-2: Foul Ball, location: 25FF 2-2: Strikes out looking
|
Batting: SHB Yu-eh Guang
|
0-0: Called Strike 0-1: Foul Ball, location: 3F 0-2: Ball 1-2: Ball 2-2: Ball 3-2: Foul Ball, location: 2F Pickoff Throw to First - Error! E1 Ramón Rocha to second 3-2: Strikes out swinging
|
Bottom of the 1st over - 0 runs, 0 hits, 1 error, 1 left on base; Ypsi 3 - Wicker Park 0 |
TOP OF THE 2ND |
Ypsi Yard Cats batting - Pitching for Wicker Park Devil Cats : LHP Tynan Little
|
Batting: LHB Brandon Murphy
|
0-0: Ball 1-0: Ball 2-0: Ground out U3 (Groundball, 34S, EV 86.3 MPH)
|
Batting: RHB Xiao-gang Jong
|
0-0: Swinging Strike 0-1: Ball 1-1: Foul Ball, location: 5SF 1-2: Foul Ball, location: 5DF 1-2: Strikes out swinging
|
Batting: LHB Dennis Smith
|
0-0: Fly out, F6 (Popup, 6, EV 53.8 MPH)
|
Top of the 2nd over - 0 runs, 0 hits, 0 errors, 0 left on base; Ypsi 3 - Wicker Park 0 |
BOTTOM OF THE 2ND |
Wicker Park Devil Cats batting - Pitching for Ypsi Yard Cats : RHP Egbert Simpson
|
Batting: LHB Carlton Wilson
|
0-0: Ball 1-0: Called Strike 1-1: Fly out, F7 (Line Drive, 7, EV 88.1 MPH)
|
Batting: LHB Katsuhiko Mizuno
|
0-0: Ball 1-0: Foul Ball, location: 5FF 1-1: SINGLE (Line Drive, 78M, EV 105.6 MPH)
|
Batting: RHB Pablo Aguilar
|
0-0: Called Strike 0-1: Foul Ball, location: 5FF 0-2: Foul Ball, location: 3DF 0-2: Ball 1-2: Ball 2-2: Strikes out swinging
|
Batting: RHB Joe Charboneau
|
0-0: Ball 1-0: Ball 2-0: SINGLE (Groundball, 6MS, EV 90.0 MPH) (infield hit) Katsuhiko Mizuno to second
|
Batting: RHB Reggie Jackson
|
0-0: Called Strike 0-1: Foul Ball, location: 23FF 0-2: Foul Ball, location: 9LMF 0-2: Ball 1-2: Ball 2-2: Fly out, F4 (Popup, 4M, EV 78.8 MPH)
|
Bottom of the 2nd over - 0 runs, 2 hits, 0 errors, 2 left on base; Ypsi 3 - Wicker Park 0 |
TOP OF THE 3RD |
Ypsi Yard Cats batting - Pitching for Wicker Park Devil Cats : LHP Tynan Little
|
Batting: SHB Malaki Lahahana
|
0-0: Ball 1-0: Called Strike 1-1: Ball 2-1: SINGLE (Groundball, 6S, EV 68.8 MPH) (infield hit)
|
Batting: RHB Kwang-chih Fan
|
0-0: Ball 1-0: Ball 2-0: Called Strike 2-1: DOUBLE (Line Drive, 7LM, EV 89.4 MPH) Malaki Lahahana to third Runner from 3rd tries for Home, SAFE, throw by LF to trailing runner, SAFE at third!
|
Batting: RHB Austin Weston
|
0-0: Called Strike 0-1: Called Strike 0-2: Ball 1-2: Ball 2-2: 2-RUN HOME RUN (Flyball, 78XD, EV 98.1 MPH), Distance : 368 ft
|
Batting: RHB Joel Milman
|
0-0: Foul Ball, location: 2F 0-1: Foul Ball, location: 5FF 0-2: Foul Ball, location: 25F 0-2: Foul Ball, location: 9LSF 0-2: Ground out 4-3 (Groundball, 4, EV 86.9 MPH)
|
Batting: LHB Teika Kiyomizu
|
0-0: Called Strike 0-1: Foul Ball, location: 5FF 0-2: Fly out, F7 (Flyball, 78M, EV 85.0 MPH)
|
Batting: RHB Tom Brookens
|
0-0: Ball 1-0: Ball 2-0: Ball 3-0: Called Strike 3-1: Called Strike 3-2: Foul Ball, location: 7LMF 3-2: Ground out 5-3 (Groundball, 56S, EV 67.5 MPH)
|
Top of the 3rd over - 3 runs, 3 hits, 0 errors, 0 left on base; Ypsi 6 - Wicker Park 0 |
BOTTOM OF THE 3RD |
Wicker Park Devil Cats batting - Pitching for Ypsi Yard Cats : RHP Egbert Simpson
|
Batting: LHB Rickey Delgado
|
0-0: Called Strike 0-1: Foul Ball, location: 7LMFF 0-2: Strikes out swinging, 2-3 out at first.
|
Batting: RHB Ramón Rocha
|
0-0: Foul Ball, location: 2F 0-1: Foul Ball, location: 2F 0-2: Ball 1-2: Strikes out swinging
|
Batting: LHB Chipper Jones
|
0-0: Called Strike 0-1: Swinging Strike 0-2: Ball 1-2: Strikes out swinging
|
Bottom of the 3rd over - 0 runs, 0 hits, 0 errors, 0 left on base; Ypsi 6 - Wicker Park 0 |
TOP OF THE 4TH |
Ypsi Yard Cats batting - Pitching for Wicker Park Devil Cats : LHP Tynan Little
|
Pitching: RHP Lowell Fletcher
|
|
Batting: LHB Brandon Murphy
|
0-0: Ball 1-0: Ball 2-0: Ball 3-0: Swinging Strike 3-1: Base on Balls
|
Batting: RHB Xiao-gang Jong
|
0-0: Fly out, F8 (Line Drive, 8RM, EV 100.0 MPH)
|
Batting: LHB Dennis Smith
|
0-0: Called Strike 0-1: Swinging Strike 0-2: Ball 1-2: Foul Ball, location: 7LDF 1-2: Ball 2-2: Fly out, F7 (Line Drive, 7, EV 91.3 MPH)
|
Batting: SHB Malaki Lahahana
|
0-0: Ball 1-0: Ground out 4-3 (Groundball, 4, EV 84.4 MPH)
|
Top of the 4th over - 0 runs, 0 hits, 0 errors, 1 left on base; Ypsi 6 - Wicker Park 0 |
BOTTOM OF THE 4TH |
Wicker Park Devil Cats batting - Pitching for Ypsi Yard Cats : RHP Egbert Simpson
|
Batting: SHB Yu-eh Guang
|
0-0: Called Strike 0-1: Called Strike 0-2: Ball 1-2: Fly out, F9 (Flyball, 89D, EV 90.6 MPH)
|
Batting: LHB Carlton Wilson
|
0-0: Ball 1-0: Ball 2-0: Foul Ball, location: 9LMF 2-1: Foul Ball, location: 2RF 2-2: Foul Ball, location: 7LSF 2-2: Ball 3-2: Fly out, F7 (Flyball, 78S, EV 96.3 MPH)
|
Batting: LHB Katsuhiko Mizuno
|
0-0: Called Strike 0-1: Ground out 4-3 (Groundball, 4M, EV 90.0 MPH)
|
Bottom of the 4th over - 0 runs, 0 hits, 0 errors, 0 left on base; Ypsi 6 - Wicker Park 0 |
TOP OF THE 5TH |
Ypsi Yard Cats batting - Pitching for Wicker Park Devil Cats : RHP Lowell Fletcher
|
Batting: RHB Kwang-chih Fan
|
0-0: Ball 1-0: Swinging Strike 1-1: Called Strike 1-2: Strikes out swinging
|
Batting: RHB Austin Weston
|
0-0: Called Strike 0-1: Foul Ball, location: 5FF 0-2: Ball 1-2: Foul Ball, location: 2F 1-2: Ball 2-2: DOUBLE (Flyball, 89XD, EV 110.0 MPH)
|
Batting: RHB Joel Milman
|
0-0: Ball 1-0: Ball 2-0: Fly out, F3 (Popup, 3F, EV 71.9 MPH)
|
Batting: LHB Teika Kiyomizu
|
0-0: Called Strike 0-1: Foul Ball, location: 5DF 0-2: Foul Ball, location: 2F 0-2: Ground out 5-3 (Groundball, 6, EV 94.4 MPH)
|
Top of the 5th over - 0 runs, 1 hit, 0 errors, 1 left on base; Ypsi 6 - Wicker Park 0 |
BOTTOM OF THE 5TH |
Wicker Park Devil Cats batting - Pitching for Ypsi Yard Cats : RHP Egbert Simpson
|
Batting: RHB Pablo Aguilar
|
0-0: Foul Ball, location: 9LMF 0-1: Foul Ball, location: 3SF 0-2: Ground out 6-3 (Groundball, 56, EV 103.8 MPH)
|
Batting: RHB Joe Charboneau
|
0-0: Ball 1-0: Swinging Strike 1-1: Called Strike 1-2: Ball 2-2: Strikes out looking
|
Batting: RHB Reggie Jackson
|
0-0: Swinging Strike 0-1: Ball 1-1: Ball 2-1: Foul Ball, location: 9LMF 2-2: Foul Ball, location: 2F 2-2: Strikes out swinging
|
Bottom of the 5th over - 0 runs, 0 hits, 0 errors, 0 left on base; Ypsi 6 - Wicker Park 0 |
TOP OF THE 6TH |
Ypsi Yard Cats batting - Pitching for Wicker Park Devil Cats : RHP Lowell Fletcher
|
Batting: RHB Tom Brookens
|
0-0: Ball 1-0: Ground out 5-3 (Groundball, 15, EV 91.3 MPH)
|
Batting: LHB Brandon Murphy
|
0-0: Foul Ball, location: 2LF 0-1: Called Strike 0-2: Strikes out looking
|
Batting: RHB Xiao-gang Jong
|
0-0: Called Strike 0-1: Called Strike 0-2: Ground out 4-3 (Groundball, 4M, EV 85.0 MPH)
|
Top of the 6th over - 0 runs, 0 hits, 0 errors, 0 left on base; Ypsi 6 - Wicker Park 0 |
BOTTOM OF THE 6TH |
Wicker Park Devil Cats batting - Pitching for Ypsi Yard Cats : RHP Egbert Simpson
|
Batting: LHB Rickey Delgado
|
0-0: Ball 1-0: Foul Ball, location: 2F 1-1: Ball 2-1: Swinging Strike 2-2: Foul Ball, location: 9LMF 2-2: Ball 3-2: Strikes out swinging
|
Batting: RHB Ramón Rocha
|
0-0: Called Strike 0-1: Fly out, F4 (Line Drive, 4M, EV 68.8 MPH)
|
Batting: LHB Chipper Jones
|
0-0: Foul Ball, location: 9LSF 0-1: Ground out 3-1 (Groundball, 34S, EV 86.3 MPH)
|
Bottom of the 6th over - 0 runs, 0 hits, 0 errors, 0 left on base; Ypsi 6 - Wicker Park 0 |
TOP OF THE 7TH |
Ypsi Yard Cats batting - Pitching for Wicker Park Devil Cats : RHP Lowell Fletcher
|
Batting: LHB Dennis Smith
|
0-0: Ball 1-0: Ball 2-0: Swinging Strike 2-1: Ball 3-1: SINGLE (Groundball, 4MD, EV 99.4 MPH)
|
Batting: SHB Malaki Lahahana
|
0-0: Ball 1-0: Fly out, F3 (Line Drive, 3L, EV 74.4 MPH)
|
Batting: RHB Kwang-chih Fan
|
0-0: Swinging Strike 0-1: Foul Ball, location: 2F 0-2: Ball 1-2: Fielders Choice at 2nd, 4-6 (Groundball, 4, EV 77.5 MPH)
|
Batting: RHB Austin Weston
|
0-0: Called Strike 0-1: Foul Ball, location: 2F 0-2: Strikes out swinging
|
Top of the 7th over - 0 runs, 1 hit, 0 errors, 1 left on base; Ypsi 6 - Wicker Park 0 |
BOTTOM OF THE 7TH |
Wicker Park Devil Cats batting - Pitching for Ypsi Yard Cats : RHP Egbert Simpson
|
Batting: SHB Yu-eh Guang
|
0-0: Foul Ball, location: 5FF 0-1: Swinging Strike 0-2: Foul Ball, location: 2F 0-2: Foul Ball, location: 2RF 0-2: Foul Ball, location: 7LSF 0-2: Hit by Pitch
|
Batting: LHB Carlton Wilson
|
0-0: Called Strike 0-1: Ball 1-1: Ball 2-1: Fly out, F7 (Flyball, 78D, EV 79.4 MPH) Runner from 1st tags up, SAFE at 2nd
|
Batting: LHB Katsuhiko Mizuno
|
0-0: Ball 1-0: Called Strike 1-1: Ball 2-1: SINGLE (Groundball, 34D, EV 101.9 MPH) Yu-eh Guang to third Runner from 3rd tries for Home, SAFE, throw by RF to home Katsuhiko Mizuno to second
|
Batting: RHB Pablo Aguilar
|
0-0: Swinging Strike 0-1: 2-RUN HOME RUN (Line Drive, 89XD, EV 97.5 MPH), Distance : 363 ft
|
Batting: RHB Joe Charboneau
|
0-0: Ball 1-0: Ground out 5-3 (Groundball, 56S, EV 81.3 MPH)
|
Batting: RHB Reggie Jackson
|
0-0: Foul Ball, location: 2F 0-1: Ball 1-1: Ball 2-1: Swinging Strike 2-2: Foul Ball, location: 3SF 2-2: Strikes out swinging
|
Bottom of the 7th over - 3 runs, 2 hits, 0 errors, 0 left on base; Ypsi 6 - Wicker Park 3 |
TOP OF THE 8TH |
Ypsi Yard Cats batting - Pitching for Wicker Park Devil Cats : RHP Lowell Fletcher
|
Pitching: LHP Arturo Rodríguez
|
|
Batting: RHB Joel Milman
|
0-0: Called Strike 0-1: Ball 1-1: Foul Ball, location: 2RF 1-2: Strikes out swinging
|
Batting: LHB Teika Kiyomizu
|
0-0: Reached on error, E6 (Groundball, 4M, EV 87.5 MPH)
|
Batting: RHB Tom Brookens
|
0-0: Called Strike 0-1: Ball 1-1: Called Strike 1-2: Strikes out swinging
|
Batting: LHB Brandon Murphy
|
0-0: Foul Ball, location: 2F 0-1: Foul Ball, location: 3F 0-2: Strikes out swinging
|
Top of the 8th over - 0 runs, 0 hits, 1 error, 1 left on base; Ypsi 6 - Wicker Park 3 |
BOTTOM OF THE 8TH |
Wicker Park Devil Cats batting - Pitching for Ypsi Yard Cats : RHP Egbert Simpson
|
Pitching: LHP Pedro Flores
|
|
Now at 3B: Michael Cameron
|
|
Batting: LHB Rickey Delgado
|
0-0: Ball 1-0: Ball 2-0: Called Strike 2-1: Foul Ball, location: 23FF 2-2: Fly out, F9 (Flyball, 9D, EV 87.5 MPH)
|
Pitching: RHP Billy Wagner
|
|
Batting: RHB Ramón Rocha
|
0-0: Fly out, F4 (Line Drive, 4, EV 69.4 MPH)
|
Batting: LHB Chipper Jones
|
0-0: Ball 1-0: Foul Ball, location: 9LSF 1-1: Ball 2-1: Foul Ball, location: 2F 2-2: Ground out 6-3 (Groundball, 6M, EV 88.1 MPH)
|
Bottom of the 8th over - 0 runs, 0 hits, 0 errors, 0 left on base; Ypsi 6 - Wicker Park 3 |
TOP OF THE 9TH |
Ypsi Yard Cats batting - Pitching for Wicker Park Devil Cats : LHP Arturo Rodríguez
|
Batting: RHB Xiao-gang Jong
|
0-0: Fly out, F3 (Flyball, 34D, EV 93.1 MPH)
|
Batting: LHB Dennis Smith
|
0-0: Foul Ball, location: 2LF 0-1: Swinging Strike 0-2: Foul Ball, location: 3F 0-2: Foul Ball, location: 5F 0-2: Strikes out swinging
|
Batting: SHB Malaki Lahahana
|
0-0: Ball 1-0: Ball 2-0: Foul Ball, location: 9LSF 2-1: Ball 3-1: Base on Balls
|
Batting: RHB Kwang-chih Fan
|
0-0: Called Strike 0-1: Ball 1-1: Foul Ball, location: 2F 1-2: Ball 2-2: Fly out, F9 (Flyball, 89M, EV 82.5 MPH)
|
Top of the 9th over - 0 runs, 0 hits, 0 errors, 1 left on base; Ypsi 6 - Wicker Park 3 |
BOTTOM OF THE 9TH |
Wicker Park Devil Cats batting - Pitching for Ypsi Yard Cats : RHP Billy Wagner
|
Pitching: RHP Aydan Farmer
|
|
Now at SS: Han-seung Na
|
|
Batting: SHB Yu-eh Guang
|
0-0: Ground out U3 (Groundball, 3, EV 87.5 MPH)
|
Batting: LHB Carlton Wilson
|
0-0: Called Strike 0-1: Ball 1-1: Ball 2-1: Ball 3-1: SOLO HOME RUN (Flyball, 89XD, EV 97.5 MPH), Distance : 382 ft
|
Batting: LHB Katsuhiko Mizuno
|
0-0: Called Strike 0-1: Ball 1-1: Swinging Strike 1-2: Ball 2-2: Ball 3-2: Base on Balls
|
Batting: RHB Pablo Aguilar
|
0-0: Ball 1-0: Ball 2-0: SINGLE (Groundball, 56D, EV 102.5 MPH) Katsuhiko Mizuno to second
|
Batting: RHB Joe Charboneau
|
0-0: Called Strike 0-1: SINGLE (Line Drive, 78S, EV 86.9 MPH) Katsuhiko Mizuno to third Pablo Aguilar to second
|
Pinch Hitting: SHB Roberto Rivera
|
0-0: Ball 1-0: Ball 2-0: Called Strike 2-1: Ball 3-1: Foul Ball, location: 2F 3-2: Base on Balls Katsuhiko Mizuno scores Pablo Aguilar to third Joe Charboneau to second
|
Batting: LHB Rickey Delgado
|
0-0: Ball 1-0: Ball 2-0: Called Strike 2-1: Ball 3-1: Base on Balls Pablo Aguilar scores Joe Charboneau to third Roberto Rivera to second
|
Batting: RHB Ramón Rocha
|
0-0: Ball 1-0: Foul Ball, location: 2F 1-1: Grounds into fielders choice 4-2 (Groundball, 4, EV 91.3 MPH) Roberto Rivera to third Rickey Delgado to second
|
Batting: LHB Chipper Jones
|
0-0: Ball 1-0: Swinging Strike 1-1: Fly out, F8 (Flyball, 8RM, EV 81.3 MPH)
|
Bottom of the 9th over - 3 runs, 3 hits, 0 errors, 3 left on base; Ypsi 6 - Wicker Park 6 |
TOP OF THE 10TH |
Ypsi Yard Cats batting - Pitching for Wicker Park Devil Cats : LHP Arturo Rodríguez
|
Now at 2B: Roberto Rivera
|
|
Batting: RHB Austin Weston
|
0-0: Ball 1-0: Ball 2-0: Ball 3-0: Base on Balls
|
Batting: RHB Joel Milman
|
0-0: Foul Ball, location: 3SF 0-1: Foul Ball, location: 2F 0-2: Strikes out swinging
|
Batting: RHB Conrad Hanson
|
0-0: Called Strike 0-1: Fly out, F7 (Flyball, 7D, EV 103.8 MPH)
|
Batting: LHB Michael Cameron
|
0-0: Ball 1-0: Foul Ball, location: 2F 1-1: Fly out, F7 (Flyball, 7D, EV 93.8 MPH)
|
Top of the 10th over - 0 runs, 0 hits, 0 errors, 1 left on base; Ypsi 6 - Wicker Park 6 |
BOTTOM OF THE 10TH |
Wicker Park Devil Cats batting - Pitching for Ypsi Yard Cats : RHP Aydan Farmer
|
Pitching: RHP Glenn Longoria
|
|
Batting: SHB Yu-eh Guang
|
0-0: Fly out, F9 (Line Drive, 9S, EV 95.6 MPH)
|
Batting: LHB Carlton Wilson
|
0-0: Ball 1-0: Ball 2-0: Called Strike 2-1: Ball 3-1: Foul Ball, location: 2F 3-2: Base on Balls
|
Batting: LHB Katsuhiko Mizuno
|
0-0: Called Strike 0-1: 2-RUN HOME RUN (Flyball, 9D, EV 114.4 MPH), Distance : 457 ft
|
Bottom of the 10th over - 2 runs, 1 hit, 0 errors, 0 left on base; Ypsi 6 - Wicker Park 8 |
|